[Event "Titled Tuesday Blitz February 07 Early 2023"]
[White "Florescu, Codrut-Constantin"]
[Black "Madaminov, Mukhiddin"]
[WhiteFideId "1202200"]
[BlackFideId "14210703"]
[WhiteElo "2259"]
[BlackElo "2422"]
[Result "0-1"]
[Round "01"]
[TimeControl "180+2"]
[Date "2023.02.07"]
[WhiteClock "0:00:13"]
[BlackClock "0:00:04"]

1. e4 e6 2. Nf3 d5 3. e5 c5 4. b4 cxb4 5. d4 b6 6. a3 Ba6 7. axb4 Bxf1 8. Kxf1 Bxb4 9. Ng5 Be7 10. Qh5 g6 11. Qg4 h5 12. Qg3 Nh6 13. h4 Nf5 14. Qd3 Nc6 15. c3 Na5 16. Na3 Qd7 17. Nc2 Rc8 18. Ne3 Nc4 19. Nxf5 exf5 20. g3 Rc6 21. Kg2 O-O 22. Re1 Rfc8 23. Bf4 a5 24. Rab1 Na3 25. Rb3 a4 26. Rxa3 Bxa3 27. c4 Bb4 28. Rb1 Rxc4 29. e6 fxe6 30. Qe3 R8c6 31. Nf3 Rc3 32. Qe2 R6c4 33. Ne5 Qc8 34. Nxg6 Rb3 35. Rd1 Qd7 36. Qxh5 Qh7 37. Qg5 Kf7 38. Ne5+ Ke8 39. Nxc4 Be7 40. Nd6+ Kd7 41. Qh6 Qxh6 42. Bxh6 Bxd6 43. h5 a3 44. Bg7 a2 45. Ra1 Rb1 46. Rxa2 f4 47. g4 f3+ 48. Kxf3 Rh1 49. h6 Rh3+ 50. Ke2 Rh2 51. Ra7+ Kc6 52. g5 Bf4 53. g6 Bxh6 54. Be5 Rg2 55. Ra8 Rxg6 56. Rc8+ Kb5 57. Re8 Kc4 58. f4 b5 59. Rc8+ Kb3 60. Rb8 Kc4 61. Kf3 Bg7 62. Rb6 Bxe5 63. dxe5 b4 64. f5 Rg5 65. f6 Rxe5 66. Kg4 b3 67. Rb7 Rf5 68. Rc7+ Kb4 69. Rd7 Rxf6 70. Rd6 Kc4 71. Kg3 Kc5 72. Rc6+ Kxc6 73. Kg4 Rf5 0-1


[Site "https://www.chess.com"]

[Event "Titled Tuesday Blitz February 07 Early 2023"]
[White "Pap, Gyula"]
[Black "matenitian"]
[WhiteFideId "725323"]
[WhiteElo "2429"]
[BlackElo "2479"]
[Result "1-0"]
[Round "01"]
[TimeControl "180+2"]
[Date "2023.02.07"]
[WhiteClock "0:00:34"]
[BlackClock "0:00:10"]

1. d3 e5 2. e4 Nc6 3. Be3 Nf6 4. c4 Bb4+ 5. Nc3 O-O 6. a3 Bxc3+ 7. bxc3 d6 8. Be2 Re8 9. h3 b6 10. Nf3 Bd7 11. O-O Ne7 12. Nh4 Ng6 13. Nxg6 hxg6 14. f4 a5 15. a4 Bc6 16. Qe1 exf4 17. Rxf4 d5 18. cxd5 Bxd5 19. Qf2 Bc6 20. Bd4 Re6 21. Rf1 Bxa4 22. e5 Nh7 23. Bg4 Re7 24. Rxf7 Ng5 25. e6 Nxf7 26. exf7+ Kf8 27. Qh4 Rxf7 28. Qh8+ Ke7 29. Rxf7+ Kxf7 30. Qxg7+ Ke8 31. Qxg6+ Ke7 1-0


[Site "https://www.chess.com"]

[Event "Titled Tuesday Blitz February 07 Early 2023"]
[White "Bachmann, Axel"]
[Black "Tokman, Ariel"]
[WhiteFideId "3700488"]
[BlackFideId "117420"]
[WhiteElo "2604"]
[BlackElo "2330"]
[Result "1-0"]
[Round "01"]
[TimeControl "180+2"]
[Date "2023.02.07"]
[WhiteClock "0:00:38"]
[BlackClock "0:00:31"]

1. e4 e5 2. Bc4 Nf6 3. d3 d6 4. Nc3 Be7 5. f4 O-O 6. Nf3 Nbd7 7. O-O c6 8. a3 exf4 9. Bxf4 d5 10. exd5 cxd5 11. Nxd5 Nxd5 12. Bxd5 Qb6+ 13. Kh1 Qxb2 14. Qe2 Bf6 15. Ng5 Nb6 16. Bxf7+ Rxf7 17. Nxf7 Kxf7 18. Qh5+ Kf8 19. Bd6+ 1-0


[Site "https://www.chess.com"]

[Event "Titled Tuesday Blitz February 07 Early 2023"]
[White "Ljukin, Sergei"]
[Black "Kozak, Adam"]
[WhiteFideId "14102200"]
[BlackFideId "753246"]
[WhiteElo "2362"]
[BlackElo "2572"]
[Result "1-0"]
[Round "01"]
[TimeControl "180+2"]
[Date "2023.02.07"]
[WhiteClock "0:00:27"]
[BlackClock "0:00:02"]

1. e4 c5 2. Nf3 d6 3. d4 cxd4 4. Nxd4 Nf6 5. Nc3 a6 6. Bg5 e6 7. f4 h6 8. Bh4 Qb6 9. a3 Be7 10. Bf2 Qc7 11. Qe2 b5 12. O-O-O Bb7 13. g4 Nbd7 14. h4 h5 15. g5 Ng4 16. Bg1 g6 17. Rh3 Nb6 18. f5 e5 19. Ndxb5 axb5 20. Nxb5 Qd8 21. f6 Nc8 22. fxe7 Qxe7 23. Rc3 O-O 24. Rc7 Qe6 25. Rxb7 Qa2 26. Nc3 Qe6 27. Qc4 Qe8 28. Nd5 Ra4 29. Qb5 Qxb5 30. Bxb5 Rxe4 31. Bd7 Kg7 32. Rc7 Ne7 33. Nxe7 Re2 34. Nd5 e4 35. Bd4+ Ne5 36. Rc6 Kg8 37. Rxd6 Nf3 38. Nf6+ Kh8 39. Nxe4+ Kh7 40. Nf6+ Kh8 41. Nxh5+ Kh7 42. Nf6+ Kh8 43. Bg4 Nxd4 44. R6xd4 Kg7 45. Bxe2 Rd8 46. Re4 Re8 47. Nxe8+ Kf8 48. Nf6 Kg7 49. a4 Kf8 50. Rd8+ Kg7 51. Rg8# 1-0


[Site "https://www.chess.com"]

[Event "Titled Tuesday Blitz February 07 Early 2023"]
[White "Makarian, Rudik"]
[Black "Shuvalov, Evgenij"]
[WhiteFideId "44105681"]
[BlackFideId "4187237"]
[WhiteElo "2545"]
[BlackElo "2038"]
[Result "1-0"]
[Round "01"]
[TimeControl "180+2"]
[Date "2023.02.07"]
[WhiteClock "0:01:42"]
[BlackClock "0:00:38"]

1. f4 d5 2. Nf3 Nf6 3. g3 e6 4. Bg2 Be7 5. O-O O-O 6. d3 c5 7. Nc3 Nc6 8. e4 Rb8 9. e5 Ne8 10. Qe2 b5 11. g4 b4 12. Nd1 a5 13. Nf2 Nc7 14. g5 Nb5 15. Ng4 Nbd4 16. Qf2 Nf5 17. Nh4 Ncd4 18. Be3 Nxh4 19. Qxh4 Nxc2 20. Rf3 f5 21. gxf6 gxf6 22. Rh3 Rf7 23. Nh6+ Kf8 24. Nxf7 Kxf7 25. Qxh7+ Ke8 26. Rc1 Nxe3 27. Rxe3 f5 28. Rg3 Kd7 29. Rg8 Qb6 30. Rg7 Qd8 31. Rxc5 Bb7 32. Rxe7+ Qxe7 33. Rc7+ Kxc7 34. Qxe7+ Kb6 35. Qxe6+ Ka7 36. Qxf5 1-0


[Site "https://www.chess.com"]

[Event "Titled Tuesday Blitz February 07 Early 2023"]
[White "Malka, Samuel"]
[Black "Durarbayli, Vasif"]
[WhiteFideId "20643675"]
[BlackFideId "13402935"]
[WhiteElo "2165"]
[BlackElo "2627"]
[Result "1/2-1/2"]
[Round "01"]
[TimeControl "180+2"]
[Date "2023.02.07"]
[WhiteClock "0:00:19"]
[BlackClock "0:00:09"]

1. d4 Nf6 2. c4 e6 3. Nf3 c5 4. d5 exd5 5. cxd5 d6 6. Nc3 g6 7. Bf4 Bg7 8. e3 O-O 9. h3 Na6 10. Bxa6 bxa6 11. Rc1 Rb8 12. b3 a5 13. O-O Ba6 14. Re1 Rb4 15. a3 Rb7 16. Nd2 a4 17. Nxa4 Nxd5 18. Bh2 Nf6 19. Nc4 Bxc4 20. bxc4 Rd7 21. Nc3 d5 22. cxd5 Nxd5 23. Nxd5 Rxd5 24. Qa4 Qe7 25. Red1 Rxd1+ 26. Rxd1 Rc8 27. Qc4 Qe6 28. Rc1 Bb2 29. Rc2 Qxc4 30. Rxc4 Bxa3 31. Kf1 Bb4 32. Ke2 Rd8 33. Be5 Rd2+ 34. Kf3 f5 35. g4 Kf7 36. gxf5 gxf5 37. Rh4 Ke6 38. Bf4 c4 39. Rh6+ Kd5 40. Rh5 c3 41. e4+ Kd4 42. Bxd2 cxd2 43. Ke2 Kxe4 44. Rxh7 a5 45. Rd7 f4 46. h4 f3+ 47. Kd1 Kf5 48. Rd3 Kg4 49. h5 Kxh5 50. Rxf3 Kg4 51. Rf7 Kg5 52. f4+ Kg6 53. Rb7 Kf5 54. Rxb4 axb4 55. Kxd2 Kxf4 56. Kc2 Ke4 57. Kb3 Kd5 58. Kxb4 1/2-1/2


[Site "https://www.chess.com"]

[Event "Titled Tuesday Blitz February 07 Early 2023"]
[White "Ter-Sahakyan, Samvel"]
[Black "Principe, Gerson"]
[WhiteFideId "13302531"]
[BlackFideId "3804550"]
[WhiteElo "2617"]
[BlackElo "2226"]
[Result "1-0"]
[Round "01"]
[TimeControl "180+2"]
[Date "2023.02.07"]
[WhiteClock "0:00:38"]
[BlackClock "0:00:22"]

1. d4 Nf6 2. c4 e6 3. Nf3 b6 4. g3 Bb7 5. Bg2 Be7 6. O-O O-O 7. h4 a5 8. Re1 Bb4 9. Bd2 Na6 10. Nc3 Ne4 11. Qc2 Bxc3 12. Bxc3 f5 13. Ng5 Nd6 14. Bxb7 Nxb7 15. e4 h6 16. Nh3 Nd6 17. exf5 Nxf5 18. Qe4 Qe7 19. Nf4 Qf7 20. h5 Nd6 21. Qe2 Rfe8 22. Rad1 Nb4 23. a3 Nc6 24. Ng6 Qf5 25. d5 e5 26. dxc6 1-0


[Site "https://www.chess.com"]

[Event "Titled Tuesday Blitz February 07 Early 2023"]
[White "Pein, Jonathan"]
[Black "Jones, Gawain C B"]
[WhiteFideId "417092"]
[BlackFideId "409561"]
[WhiteElo "2265"]
[BlackElo "2618"]
[Result "0-1"]
[Round "01"]
[TimeControl "180+2"]
[Date "2023.02.07"]
[WhiteClock "0:00:44"]
[BlackClock "0:01:31"]

1. e4 c5 2. g3 d5 3. exd5 Qxd5 4. Nf3 Qe4+ 5. Be2 Bh3 6. d3 Qc6 7. Nc3 Nd7 8. Be3 e5 9. Rg1 Ngf6 10. Qd2 h6 11. O-O-O Be7 12. Kb1 b5 13. d4 cxd4 14. Bxb5 Qxf3 15. Bxd4 exd4 16. Qxd4 O-O 17. g4 Bxg4 18. Be2 Bc5 19. Bxf3 Bxd4 20. Bxa8 Bxd1 21. Rxd1 Bxc3 22. Bc6 Ba5 23. Bxd7 Rd8 24. Bg4 Nxg4 25. Rg1 Nxf2 26. c3 Rd1+ 27. Rxd1 Nxd1 28. Kc2 Nxb2 0-1


[Site "https://www.chess.com"]

[Event "Titled Tuesday Blitz February 07 Early 2023"]
[White "Samunenkov, Ihor"]
[Black "Danielyan, Vahe"]
[WhiteFideId "14187086"]
[BlackFideId "13304828"]
[WhiteElo "2501"]
[BlackElo "2346"]
[Result "1-0"]
[Round "01"]
[TimeControl "180+2"]
[Date "2023.02.07"]
[WhiteClock "0:00:09"]
[BlackClock "0:00:01"]

1. d4 Nf6 2. c4 g6 3. Nf3 Bg7 4. g3 O-O 5. Bg2 d6 6. O-O c6 7. Nc3 Qa5 8. e4 Qh5 9. e5 dxe5 10. Nxe5 Qxd1 11. Rxd1 Nbd7 12. Nf3 Nb6 13. b3 Bf5 14. Ba3 Rfe8 15. Re1 e6 16. h3 h5 17. Bb2 Rad8 18. Rad1 a5 19. Ne5 a4 20. c5 Nbd5 21. Nxa4 Nd7 22. Nc4 Nb4 23. a3 Nd5 24. Nd6 Rf8 25. Re2 Rb8 26. Rc1 b5 27. cxb6 N7xb6 28. Nxb6 Rxb6 29. b4 Ra8 30. Nxf5 gxf5 31. Rec2 Bh6 32. Rd1 Rba6 33. Bf1 Rb6 34. Be2 h4 35. Rd3 hxg3 36. fxg3 Kf8 37. Bf3 Ne3 38. Rcc3 Rd8 39. Rxe3 1-0


[Site "https://www.chess.com"]

[Event "Titled Tuesday Blitz February 07 Early 2023"]
[White "Toczek, Grzegorz"]
[Black "Gharibyan, Mamikon"]
[WhiteFideId "1106457"]
[BlackFideId "13308300"]
[WhiteElo "2260"]
[BlackElo "2500"]
[Result "0-1"]
[Round "01"]
[TimeControl "180+2"]
[Date "2023.02.07"]
[WhiteClock "0:00:14"]
[BlackClock "0:01:00"]

1. e4 c5 2. Nc3 e6 3. g3 a6 4. Bg2 b5 5. f4 Bb7 6. d3 Nf6 7. Nf3 d5 8. Qe2 b4 9. Nd1 dxe4 10. dxe4 Bxe4 11. O-O Be7 12. Nf2 Bd5 13. Nd3 Nc6 14. Nde5 O-O 15. Be3 Qe8 16. b3 h6 17. Rad1 Nxe5 18. Nxe5 Qb5 19. Rfe1 Rfd8 20. Nc4 a5 21. h3 a4 22. Kh2 axb3 23. axb3 Ra2 24. Rd2 Bxg2 25. Rxd8+ Bxd8 26. Qxg2 Nd5 27. Bg1 Bf6 28. Qe4 g6 29. h4 h5 30. Nd6 Qd7 31. Nc4 Qc7 32. Kh3 Kg7 33. Rf1 Ne7 34. Qe3 Bd4 35. Qe4 Nf5 36. Bxd4+ Nxd4 37. Rf2 Nf5 38. Ne5 Ra1 39. Re2 Qd6 40. Nc4 Qd5 41. Qe5+ Qxe5 42. Nxe5 Nd4 43. Rd2 Ra2 44. Nd7 Nxb3 45. Rg2 Nd4 46. Nxc5 Rxc2 47. Rg1 b3 0-1


[Site "https://www.chess.com"]

[Event "Titled Tuesday Blitz February 07 Early 2023"]
[White "Remizov, Yaroslav"]
[Black "Mortazavi, Ali"]
[WhiteFideId "34134015"]
[BlackFideId "401323"]
[WhiteElo "2421"]
[BlackElo "2333"]
[Result "1-0"]
[Round "01"]
[TimeControl "180+2"]
[Date "2023.02.07"]
[WhiteClock "0:01:07"]
[BlackClock "0:00:15"]

1. e4 c6 2. d4 d5 3. e5 Bf5 4. h4 c5 5. dxc5 Nc6 6. Nf3 e6 7. Be3 Bg4 8. c3 Nge7 9. Bb5 a6 10. Ba4 Nf5 11. Bd4 Be7 12. Na3 Nxh4 13. Kf1 Nxf3 14. gxf3 Bf5 15. Nc2 O-O 16. Ne3 Bg6 17. Bc2 Bg5 18. Ng4 h5 19. Ne3 Bf4 20. Bxg6 fxg6 21. Qd3 Bxe3 22. Qxe3 Rf5 23. Ke2 Qa5 24. Rag1 Qb5+ 25. Kd1 Qxb2 26. Rxg6 Raf8 27. Rhg1 R8f7 28. Qh6 Qb1+ 29. Ke2 Qc2+ 30. Ke1 Qc1+ 31. Qxc1 1-0


[Site "https://www.chess.com"]

[Event "Titled Tuesday Blitz February 07 Early 2023"]
[White "Fiorito, Francisco"]
[Black "Krzyzanowski, Marcin"]
[WhiteFideId "180165"]
[BlackFideId "1132199"]
[WhiteElo "2305"]
[BlackElo "2512"]
[Result "1-0"]
[Round "01"]
[TimeControl "180+2"]
[Date "2023.02.07"]
[WhiteClock "0:00:16"]
[BlackClock "0:00:03"]

1. Nf3 d5 2. g3 Nf6 3. Bg2 g6 4. O-O Bg7 5. d4 O-O 6. c4 c6 7. cxd5 cxd5 8. Nc3 Ne4 9. Ne5 Nxc3 10. bxc3 e6 11. Ba3 Re8 12. Qb3 Nd7 13. Nxd7 Qxd7 14. Rad1 b6 15. c4 dxc4 16. Qxc4 Bb7 17. e4 Rac8 18. Qb4 Ba6 19. Rfe1 Rc4 20. Qd6 Qxd6 21. Bxd6 Rxd4 22. e5 Rxd1 23. Rxd1 Rc8 24. Be4 Be2 25. Rd2 Rc1+ 26. Kg2 Bf1+ 27. Kf3 Bc4 28. Bb8 h5 29. Bxa7 b5 30. Bd4 Bh6 31. Rb2 Rh1 32. h4 Re1 33. Bc6 Rd1 34. Be3 Bxe3 35. Kxe3 Rd3+ 36. Kf4 Ra3 37. Bxb5 Bxa2 38. Bc6 Kg7 39. Rb7 Rb3 40. Ra7 Rb4+ 41. Ke3 Bd5 42. Be8 Re4+ 43. Kd2 Rxe5 44. Rxf7+ Kh6 45. Rf6 Be4 46. f3 Bf5 47. g4 hxg4 48. fxg4 Bb1 49. Rf7 Rd5+ 50. Kc1 Rd8 51. Bd7 Bd3 52. Bxe6 Be2 53. g5+ Kh5 54. Rh7# 1-0


[Site "https://www.chess.com"]

[Event "Titled Tuesday Blitz February 07 Early 2023"]
[White "Gokerkan, Cem Kaan"]
[Black "Mamedov, Edgar"]
[WhiteFideId "6336760"]
[BlackFideId "13739980"]
[WhiteElo "2500"]
[BlackElo "2193"]
[Result "1-0"]
[Round "01"]
[TimeControl "180+2"]
[Date "2023.02.07"]
[WhiteClock "0:00:14"]
[BlackClock "0:00:18"]

1. e4 c6 2. Nc3 d5 3. Nf3 dxe4 4. Nxe4 Nf6 5. Qe2 Nxe4 6. Qxe4 Be6 7. d4 Bd5 8. Qg4 Bxf3 9. gxf3 Nd7 10. c3 Nf6 11. Qg3 e6 12. Bd3 g6 13. Bg5 Bg7 14. O-O-O Qe7 15. h4 O-O-O 16. h5 h6 17. Bd2 g5 18. f4 Rd5 19. fxg5 hxg5 20. Kb1 Nxh5 21. Qf3 Nf4 22. Rxh8+ Bxh8 23. Bxf4 gxf4 24. Qxf4 Qf6 25. Qe3 e5 26. Rh1 Rd8 27. d5 Kb8 28. dxc6 Qxc6 29. Rxh8 Rxh8 30. Qxe5+ Kc8 31. Bf5+ Kd8 32. Qxh8+ Ke7 33. Qe5+ Kf8 34. Be4 Qd7 35. Qh8+ Ke7 36. Qd4 Qb5 37. Qb4+ Qxb4 38. cxb4 b6 39. Kc2 Kd6 40. Kd3 Ke5 41. Ke3 f5 42. f4+ Ke6 43. Bd3 Kf6 44. Kd4 1-0


[Site "https://www.chess.com"]

[Event "Titled Tuesday Blitz February 07 Early 2023"]
[White "Herman, Daniel"]
[Black "Bjerre, Jonas Buhl"]
[WhiteFideId "30935008"]
[BlackFideId "1444948"]
[WhiteElo "1956"]
[BlackElo "2602"]
[Result "0-1"]
[Round "01"]
[TimeControl "180+2"]
[Date "2023.02.07"]
[WhiteClock "0:00:05"]
[BlackClock "0:00:20"]

1. c4 e5 2. g3 Bc5 3. Bg2 d6 4. Nc3 Nc6 5. Nf3 f5 6. d3 Nf6 7. O-O O-O 8. a3 a5 9. Bg5 Qe8 10. Bxf6 Rxf6 11. Nd5 Rf7 12. Rb1 a4 13. Ng5 Rd7 14. Nc3 h6 15. Nf3 e4 16. dxe4 fxe4 17. Nh4 e3 18. f4 Nd4 19. Nf3 Nxf3+ 20. Bxf3 Re7 21. Nd5 Rf7 22. g4 c6 23. Nc3 Be6 24. f5 Bxc4 25. Ne4 Qe5 26. Nxc5 Qxc5 27. Rc1 b5 28. Qe1 Qd4 29. Qg3 Rd8 30. Rc2 d5 31. Bg2 c5 32. Rf4 Qe5 33. Rf1 Qxg3 34. hxg3 b4 35. Rfc1 bxa3 36. bxa3 Kf8 37. Rb1 Rc7 38. Rb6 Bb3 39. Rc1 d4 40. Kf1 c4 41. Ke1 d3 42. exd3 cxd3 0-1


[Site "https://www.chess.com"]

[Event "Titled Tuesday Blitz February 07 Early 2023"]
[White "Zhigalko, Sergei"]
[Black "Khamdamova, Afruza"]
[WhiteFideId "13502956"]
[BlackFideId "14210444"]
[WhiteElo "2572"]
[BlackElo "2162"]
[Result "1-0"]
[Round "01"]
[TimeControl "180+2"]
[Date "2023.02.07"]
[WhiteClock "0:00:19"]
[BlackClock "0:00:12"]

1. e4 e5 2. Nf3 Nf6 3. d4 Nxe4 4. Bd3 d5 5. Nxe5 Nd7 6. Nxd7 Bxd7 7. O-O Be7 8. Nc3 Nxc3 9. bxc3 c6 10. Qh5 g6 11. Qh6 Bf8 12. Re1+ Be6 13. Qf4 Bg7 14. Ba3 Qd7 15. Rab1 Bf8 16. Qf6 Rg8 17. Rxb7 Qxb7 18. Rxe6+ fxe6 19. Qxe6+ Kd8 20. Qxg8 Kc7 21. Bxf8 Qc8 22. Qxh7+ Qd7 23. Qxd7+ Kxd7 24. Bc5 g5 25. Bf5+ Kc7 26. g4 a5 27. Kg2 Re8 28. Kf1 Rh8 29. Kg2 Re8 30. a3 a4 31. Kf3 Rh8 32. Kg3 Re8 33. h4 gxh4+ 34. Kxh4 Re2 35. Kg3 Kd8 36. g5 Re1 37. g6 Rg1+ 38. Kf4 Ke8 39. f3 1-0


[Site "https://www.chess.com"]

[Event "Titled Tuesday Blitz February 07 Early 2023"]
[White "Ramirez Allo, Eduardo"]
[Black "Ozen, Bahadir"]
[WhiteFideId "2224178"]
[BlackFideId "6337058"]
[WhiteElo "2274"]
[BlackElo "2369"]
[Result "0-1"]
[Round "01"]
[TimeControl "180+2"]
[Date "2023.02.07"]
[WhiteClock "0:00:10"]
[BlackClock "0:00:06"]

1. d4 d6 2. c4 Nf6 3. Nf3 Nbd7 4. g3 c6 5. Bg2 e5 6. O-O Be7 7. Nc3 O-O 8. b3 exd4 9. Nxd4 Nc5 10. Bb2 a5 11. Rc1 Re8 12. Qc2 Bf8 13. Rfd1 g6 14. e3 Bg4 15. Rd2 h5 16. h3 Bd7 17. Rcd1 Qb6 18. Qb1 Rad8 19. Nde2 Bf5 20. Qa1 Nfe4 21. Rd4 Ng5 22. Nf4 Qc7 23. h4 Nh7 24. Qc1 Nf6 25. Na4 Nxa4 26. bxa4 Nd7 27. R4d2 Ne5 28. Qc3 Bg7 29. Qb3 Bg4 30. Rb1 Rd7 31. Bd4 Qd8 32. Bb6 Qa8 33. Nd3 Nf3+ 34. Bxf3 Bxf3 35. Nf4 Be5 36. Bd4 Qd8 37. Kh2 Qe7 38. Nh3 Be4 39. Rbd1 Bf3 40. Rb1 Kg7 41. Bxe5+ dxe5 42. Rxd7 Qxd7 43. Qxb7 Qxb7 44. Rxb7 Rd8 45. Ng5 Be2 46. Nxf7 Rd1 47. Nxe5+ Kf6 48. Nxc6 Bf3 49. g4 Bxc6 50. Rb6 Rd6 51. c5 Re6 52. gxh5 gxh5 53. Kg3 Ke5 54. f4+ Ke4 55. Ra6 Kxe3 56. f5 Rf6 57. Rxa5 Rxf5 58. Ra8 Bxa8 0-1


[Site "https://www.chess.com"]

[Event "Titled Tuesday Blitz February 07 Early 2023"]
[White "Sethuraman, S.P."]
[Black "Aarav Dengla"]
[WhiteFideId "5021596"]
[BlackFideId "45059756"]
[WhiteElo "2626"]
[BlackElo "2343"]
[Result "1-0"]
[Round "01"]
[TimeControl "180+2"]
[Date "2023.02.07"]
[WhiteClock "0:00:54"]
[BlackClock "0:00:17"]

1. Nf3 d5 2. g3 g6 3. Bg2 Bg7 4. O-O e5 5. d3 Ne7 6. e4 dxe4 7. dxe4 Qxd1 8. Rxd1 O-O 9. Nc3 c6 10. Bg5 f6 11. Be3 Be6 12. Rd6 Kf7 13. Rad1 Nc8 14. R6d2 Na6 15. Bf1 Nb6 16. a4 Rfe8 17. a5 Nc4 18. Rd7+ Re7 19. Bxc4 Bxc4 20. Rxe7+ Kxe7 21. Nd2 Be6 22. Nb3 Bxb3 23. cxb3 Rd8 24. Rxd8 Kxd8 25. Bxa7 Bf8 26. Kf1 Bb4 27. Bb6+ Ke8 28. Ke2 Bc5 29. Bxc5 Nxc5 30. b4 Na6 31. b5 cxb5 32. Nxb5 Kd7 33. Nc3 Nc5 34. b4 Nb3 35. Kd3 f5 36. Kc4 Nd2+ 37. Kd5 Nf3 38. h4 f4 39. b5 fxg3 40. fxg3 Nd4 41. Kxe5 Nb3 42. a6 bxa6 43. bxa6 Kc6 44. Kf6 Nc5 45. a7 Kb7 46. e5 Kxa7 47. e6 Nb7 48. e7 Nd6 49. Nb5+ 1-0


[Site "https://www.chess.com"]

[Event "Titled Tuesday Blitz February 07 Early 2023"]
[White "Kuzmin, Roman"]
[Black "Harsh Suresh"]
[WhiteFideId "44134932"]
[BlackFideId "45018464"]
[WhiteElo "2198"]
[BlackElo "2298"]
[Result "0-1"]
[Round "01"]
[TimeControl "180+2"]
[Date "2023.02.07"]
[WhiteClock "0:00:32"]
[BlackClock "0:00:11"]

1. e4 c5 2. Nf3 d6 3. d4 cxd4 4. Nxd4 Nf6 5. Nc3 g6 6. Be3 Bg7 7. Be2 O-O 8. Qd2 Nc6 9. O-O-O Nxd4 10. Bxd4 Be6 11. Kb1 Rc8 12. f3 Qa5 13. Nd5 Qd8 14. Nxf6+ exf6 15. Bc3 Rc6 16. f4 f5 17. Bxg7 Kxg7 18. Qd4+ Qf6 19. Bf3 Qxd4 20. Rxd4 Ra6 21. b3 fxe4 22. Bxe4 Rb6 23. Rhd1 Rd8 24. Kb2 Kf6 25. h3 h5 26. a4 Ke7 27. Ka3 a5 28. Bf3 h4 29. Re1 Rc8 30. c4 Rc5 31. Be4 Kf6 32. Red1 Ke7 33. Bc2 d5 34. Bd3 dxc4 35. Bxc4 Bxc4 36. bxc4 Re6 37. Rd7+ Kf8 38. Rxb7 Re3+ 39. Rb3 Re2 40. Rc3 Rxg2 41. Rd5 Rxd5 42. cxd5 Ke7 43. Kb3 Kd6 44. Kc4 Rg3 45. Rc1 Rxh3 46. Kb5 Kxd5 47. Rd1+ Ke4 48. Kxa5 Kxf4 49. Kb6 Rb3+ 50. Ka7 Ra3 51. Rd4+ Kg3 52. Kb6 h3 53. a5 h2 54. Rd1 Kh3 55. a6 g5 56. a7 Rxa7 57. Kxa7 g4 58. Kb6 g3 59. Kc6 g2 60. Rd3+ Kg4 61. Rd4+ Kf5 62. Rd5+ Kf6 63. Rd6+ Kg7 0-1


[Site "https://www.chess.com"]

[Event "Titled Tuesday Blitz February 07 Early 2023"]
[White "Yuan, Qingyu"]
[Black "Tymrakiewicz, Rafal"]
[WhiteFideId "8609772"]
[BlackFideId "1108832"]
[WhiteElo "2373"]
[BlackElo "2144"]
[Result "1-0"]
[Round "01"]
[TimeControl "180+2"]
[Date "2023.02.07"]
[WhiteClock "0:00:05"]
[BlackClock "0:00:01"]

1. e4 Nf6 2. e5 Nd5 3. d4 d6 4. c4 Nb6 5. exd6 cxd6 6. Nf3 g6 7. h3 Bg7 8. Be2 O-O 9. Nc3 Nc6 10. O-O e5 11. Bg5 f6 12. Be3 Kh8 13. dxe5 dxe5 14. Qb3 Be6 15. Rfd1 Qc7 16. Nd5 Bxd5 17. cxd5 Nb8 18. Rac1 Qd8 19. a4 Rf7 20. d6 Rd7 21. a5 Nc8 22. Qe6 Nc6 23. a6 Nd4 24. Nxd4 exd4 25. Rxd4 bxa6 26. Bxa6 Nxd6 27. Rcd1 Bf8 28. Bf4 Qb6 29. Be2 1-0


[Site "https://www.chess.com"]

[Event "Titled Tuesday Blitz February 07 Early 2023"]
[White "Ronka, Erik"]
[Black "Ivic, Velimir"]
[WhiteFideId "505080"]
[BlackFideId "950122"]
[WhiteElo "2276"]
[BlackElo "2595"]
[Result "0-1"]
[Round "01"]
[TimeControl "180+2"]
[Date "2023.02.07"]
[WhiteClock "0:00:03"]
[BlackClock "0:01:08"]

1. e4 c5 2. Nf3 d6 3. d4 cxd4 4. Nxd4 Nf6 5. Nc3 a6 6. Be3 e5 7. Nb3 Be6 8. f3 Be7 9. Qd2 Nbd7 10. g4 O-O 11. O-O-O b5 12. g5 Nh5 13. Kb1 Nb6 14. Nd5 Nxd5 15. exd5 Bd7 16. Na5 Qc7 17. Bd3 f5 18. c4 bxc4 19. Nxc4 Rfb8 20. Rc1 Bb5 21. Nxe5 Bxd3+ 22. Nxd3 Qb7 23. Nf4 Bxg5 24. b3 Bxf4 25. Bxf4 Nxf4 26. Qxf4 Qxd5 27. Rhd1 Rxb3+ 28. Ka1 Rd3 29. Re1 Rxf3 30. Qb4 Rf2 31. Rcd1 Qxa2# 0-1


[Site "https://www.chess.com"]

[Event "Titled Tuesday Blitz February 07 Early 2023"]
[White "Harsha Bharathakoti"]
[Black "Shohat, Yotam"]
[WhiteFideId "5078776"]
[BlackFideId "2813955"]
[WhiteElo "2602"]
[BlackElo "2346"]
[Result "0-1"]
[Round "01"]
[TimeControl "180+2"]
[Date "2023.02.07"]
[WhiteClock "0:00:05"]
[BlackClock "0:00:08"]

1. b3 Nf6 2. Bb2 g6 3. Nf3 Bg7 4. g3 O-O 5. d4 c5 6. dxc5 Qa5+ 7. c3 Qxc5 8. Ba3 Qa5 9. Bxe7 Re8 10. Bxf6 Bxf6 11. Qd2 d5 12. Bg2 Nc6 13. O-O Bg4 14. e3 Rad8 15. Nd4 h5 16. a4 h4 17. b4 Qc7 18. Na3 Nxd4 19. cxd4 hxg3 20. hxg3 Kg7 21. Rfc1 Qd7 22. Nb5 Rh8 23. Nc3 Qf5 24. f3 Bh3 25. Qf2 Rh7 26. Ne2 Rdh8 27. g4 Qg5 28. Nf4 Bxg2 29. Qxg2 Bxd4 30. exd4 Qxf4 31. Rf1 Rh2 0-1


[Site "https://www.chess.com"]

[Event "Titled Tuesday Blitz February 07 Early 2023"]
[White "Guseinov, Gadir"]
[Black "sabkeIXO"]
[WhiteFideId "13401378"]
[WhiteElo "2661"]
[BlackElo "2467"]
[Result "1-0"]
[Round "01"]
[TimeControl "180+2"]
[Date "2023.02.07"]
[WhiteClock "0:01:55"]
[BlackClock "0:01:03"]

1. e4 d5 2. exd5 Nf6 3. Nf3 Nxd5 4. c4 Nb6 5. Nc3 Bg4 6. c5 N6d7 7. d4 c6 8. h3 Bxf3 9. Qxf3 e6 10. Bf4 Be7 11. Qg4 Bf6 12. Bd6 Na6 13. Bxa6 bxa6 14. O-O-O Nf8 15. Rhe1 Ng6 16. f4 Ne7 17. f5 exf5 18. Bxe7 Bxe7 19. Qxg7 Kd7 20. Qxf7 Re8 21. d5 1-0


[Site "https://www.chess.com"]

[Event "Titled Tuesday Blitz February 07 Early 2023"]
[White "Wahedi, Ahmad Siar"]
[Black "Ohanyan, Emin"]
[WhiteFideId "4651260"]
[BlackFideId "13312022"]
[WhiteElo "2274"]
[BlackElo "2444"]
[Result "0-1"]
[Round "01"]
[TimeControl "180+2"]
[Date "2023.02.07"]
[WhiteClock "0:00:18"]
[BlackClock "0:00:32"]

1. e4 e5 2. Nf3 Nc6 3. Bb5 f5 4. Qe2 fxe4 5. Bxc6 dxc6 6. Qxe4 Bd6 7. O-O Nf6 8. Qc4 Qd7 9. Re1 Qf5 10. d4 e4 11. Nc3 Be6 12. Qe2 exf3 13. Qxe6+ Qxe6 14. Rxe6+ Kd7 15. Re1 Rae8 16. Be3 fxg2 17. Kxg2 Nd5 18. Bd2 Nxc3 19. Bxc3 Re6 20. Rxe6 Kxe6 21. Bd2 Kd5 22. c3 b5 23. Re1 Rf8 24. h3 a5 25. f3 a4 26. Re4 Kc4 27. Kf2 Kd3 28. Bg5 Rf5 29. Re3+ Kc2 30. Re2+ Kb1 31. h4 Kxa2 32. Ke3 Kb3 33. Kd3 c5 34. dxc5 Rd5+ 35. Ke4 Re5+ 36. Kd3 Rxe2 37. cxd6 Re6 38. dxc7 Rc6 39. Bd8 Kxb2 40. h5 a3 41. h6 g6 42. Kd4 a2 43. Kd5 Rc4 44. f4 a1=Q 45. f5 Qa6 46. f6 Qc6+ 47. Ke5 Re4# 0-1


[Site "https://www.chess.com"]

[Event "Titled Tuesday Blitz February 07 Early 2023"]
[White "Aitbayev, Aslan"]
[Black "Khandelwal, Ankush"]
[WhiteFideId "13704613"]
[BlackFideId "413470"]
[WhiteElo "2427"]
[BlackElo "2205"]
[Result "1-0"]
[Round "01"]
[TimeControl "180+2"]
[Date "2023.02.07"]
[WhiteClock "0:00:46"]
[BlackClock "0:01:33"]

1. e4 c6 2. d4 d5 3. Nc3 dxe4 4. Nxe4 Nf6 5. Nxf6+ exf6 6. c3 Bd6 7. Bd3 O-O 8. Qc2 h6 9. Bd2 Re8+ 10. Ne2 b5 11. O-O a5 12. a4 b4 13. cxb4 axb4 14. Be3 Ba6 15. Bxa6 Rxa6 16. Qc4 f5 17. Nf4 Re4 18. g3 g5 19. Nh5 f4 20. Qd3 f5 21. Bd2 Kf7 22. f3 Re5 23. Rae1 Raa5 24. Qc4+ Kg6 25. dxe5 Bc5+ 26. Kh1 Qxd2 27. Qg8+ Kxh5 28. Qf7# 1-0


[Site "https://www.chess.com"]